 Dungeon Crawl Stone Soup version 0.32-a0-999-gfa1cc04b1d (webtiles) character file.

Game seed: 6931384935574650019

172 DrKenneth the Covered (level 5, -6/47 HPs)
             Began as a Minotaur Fighter on Apr 25, 2024.
             Killed by nerve-wracking pain
             ... invoked by an orc priest
              (10 damage)
             ... on level 3 of the Dungeon.
             The game lasted 00:03:48 (1749 turns).

DrKenneth the Covered (Minotaur Fighter)            Turns: 1749, Time: 00:03:48

Health: -6/47      AC:  7    Str: 22    XL:     5   Next: 27%
Magic:  4/4        EV:  8    Int:  5    God:
Gold:   69         SH:  4    Dex: 10    Spells: 4/4 levels left

rFire   . . .        a - +0 war axe
rCold   . . .        c - +0 buckler
rNeg    . . .        b - +0 scale mail
rPois   .            (helmet restricted)
rElec   .            (no cloak)
rCorr   .            (no gloves)
SInv    .            (no boots)
Will    .....        (no amulet) Stlth
                     (no ring)
HPRegen 0.27/turn    (no ring)
MPRegen 0.09/turn

%: no passive effects
@: mighty
A: horns 2, retaliatory headbutt
a: Convert to Beogh


You were on level 3 of the Dungeon.
You visited 1 branch of the dungeon, and saw 3 of its levels.

You collected 69 gold pieces.

Inventory:

Hand Weapons
 a - a +0 war axe (weapon)
Armour
 b - a +0 scale mail (worn)
 c - a +0 buckler (worn)
Scrolls
 f - a scroll of blinking {unknown}
 g - 4 scrolls of identify {unknown}
 h - a scroll of enchant weapon {unknown}
 i - a scroll of teleportation {unknown}
 j - a scroll of poison {unknown}
 k - 2 scrolls of enchant armour {unknown}
 l - a scroll of noise {unknown}
 m - a scroll of summoning {unknown}
Potions
 d - a potion of might
 e - a potion of magic {unknown}


   Skills:
 + Level 4.7 Fighting
 + Level 3.9 Axes
 + Level 4.8 Armour
 + Level 4.7 Shields


You had 4 spell levels left.
You didn't know any spells.
Your spell library contained the following spells:

 Spells                   Type           Power      Damage    Failure   Level
 Lesser Beckoning         Tloc           0%         N/A       94%         2
 Maxwell's Portable Pile  Tloc           0%         2d(5-13)  99%         3
 Teleport Other           Tloc           0%         N/A       99%         3


Dungeon Overview and Level Annotations

Branches:
Dungeon (3/15)

Altars:

Shops:
D:2 (=?


Innate Abilities, Weirdness & Mutations

You have a pair of horns on your head.
You reflexively headbutt those who attack you in melee.


Message History

An orc wizard comes into view. It is wielding a +0 dagger.
The orc hits you but does no damage.
You have reached level 5!
You shake off some of the fire as you move.
The liquid fire burns you!
* * * LOW HITPOINT WARNING * * *
You shake off the liquid fire.
The orc attacks as it pursues you! The orc hits you but does no damage.
You barely miss the orc. You headbutt the orc.
The orc is almost dead.
The orc hits you but does no damage. The orc hits you with a +0 hand axe.
* * * LOW HITPOINT WARNING * * *
You barely miss the orc.
The orc is severely wounded.
The orc hits you but does no damage.
The orc priest shouts, "Beogh offers mercy even to people such as you.
Join us and be reborn!" (press Y on the ability menu to convert to Beogh)
The orc priest shouts, "Beogh offers mercy even to people such as you.
Join us and be reborn!"
You slash the orc!
You kill the orc!
Okay, then.
Okay, then.
You feel very mighty all of a sudden.
You barely miss the orc. The orc hits you with a +0 mace.
* * * LOW HITPOINT WARNING * * *
The orc barely misses you.
You slash the orc!
You kill the orc!
You hit the orc wizard. The orc wizard closely misses you.
You closely miss the orc priest. You headbutt the orc priest!
The orc priest is severely wounded.
You slash the orc wizard!
You kill the orc wizard!
The orc priest hits you with a +0 short sword.
* * * LOW HITPOINT WARNING * * *
You barely miss the orc priest.
The orc priest is severely wounded.
The orc priest invokes the aid of Beogh against you.
Pain shoots through your body!
You die...

..........#.......##.....
............#..............
.o.........................
................# #.....#.#
#..............(# #.....#.#
#.o.............# #.....#.#
#.......†.......# #.......>
#........)......# #.....#.)
#........o@.....# #.....#..
###...†.........#########..
......................))...
..........###..............
..........# #..............
....#.....# #..............
....#.....# #..............
... #.....# #..............
#... #..............


You could see an orc priest.

Vanquished Creatures
  A bombardier beetle (D:3)
  An orc wizard (D:3)
  5 adders
  3 dart slugs
  5 orcs (D:3)
  4 bats
  2 endoplasms
  3 giant cockroaches
  4 goblins
  5 hobgoblins (D:1)
  8 jackals
  4 ball pythons (D:1)
  3 frilled lizards
  4 kobolds
  7 rats
59 creatures vanquished.

Notes
Turn   | Place    | Note
-------+----------+-------------------------------------------
     0 | D:1      | DrKenneth the Minotaur Fighter began the quest for the Orb.
     0 | D:1      | Reached XP level 1. HP: 19/19 MP: 0/0
   123 | D:1      | Reached XP level 2. HP: 25/27 MP: 1/1
   782 | D:1      | Reached XP level 3. HP: 33/33 MP: 2/2
  1002 | D:2      | Found Ujaruyw's Jewellery Emporium.
  1159 | D:2      | Reached XP level 4. HP: 41/41 MP: 3/3
  1294 | D:2      | Found a faded altar of an unknown god.
  1451 | D:2      | Found Sakugug's Magic Scroll Boutique.
  1486 | D:2      | Found Lasoacsuymp's Weapon Boutique.
  1739 | D:3      | Reached XP level 5. HP: 14/47 MP: 4/4
  1749 | D:3      | Killed from afar by an orc priest

Illustrated notes

Levels and vault maps discovered:
D:1:      dpeg_arrival_arbitrary_a, layout_basic, minmay_tiny_reverse_x
D:2:      wander_river, layout_loops_ring, ebering_ecumenical_altar_rust,
          serial_shops, shop, nicolae_shop_gaudy_bauble, nicolae_shop_rolled_up
D:3:      layout_basic, uniq_terence

Skill      XL: |  1  2 |
---------------+-------+-----
Fighting       | 4 |  4.7
Shields        | 4 |  4.7
Armour         | 4 |  4.8
Axes           | 3 |  3.9

Action                     |  1- 3 |  4- 6 || total
---------------------------+-------+-------++-------
  Melee: War axe           |    86 |    44 ||   130
         Headbutt          |    12 |     6 ||    18
    Use: Potion            |       |     1 ||     1
 Armour: Scale mail        |    68 |    35 ||   103
  Dodge: Dodged            |    36 |    25 ||    61
  Block: Buckler           |    13 |     8 ||    21

Table legend: (Time is in decaauts)
 A = Elapsed time spent in this place.
 B = Non-inter-level travel time spent in this place.
 C = Inter-level travel time spent in this place.
 D = Time resting spent in this place.
 E = Time spent auto-exploring this place.
 F = Levels seen in this place.
 G = Mean time per level.
                   A        B        C        D        E       F      G
               +--------+--------+--------+--------+--------+-----+--------+
         Total |   1809 |   1774 |     35 |     38 |   1388 |   3 |  603.0 |
       Dungeon |   1809 |   1774 |     35 |     38 |   1388 |   3 |  603.0 |
               +--------+--------+--------+--------+--------+-----+--------+

Top non-repeatable levels by time:
     D:1: 908 daAuts
     D:2: 768 daAuts
     D:3: 132 daAuts
